Map: Jagannatha LE

Players

Asuna - Winner!

  • Race: Protoss Protoss

DisK

  • Race: Protoss Protoss

VOD

Have the link to the VOD?

Description

Time

  • Played on: Oct. 10, 2021, 3:51 p.m.
  • Length: 8:15
Show
View Real Time Build Order
Export as new Build Order

Asuna Protoss - Winner!

Build Orders: Proxy Void Ray 

Get SALT Encoding   

  12  0:00  Probe  
  13  0:12  Probe  
  14  0:23  Pylon  
  14  0:24  Probe  
  15  0:41  Gateway, Probe (Chrono Boost)  
  16  0:52  Assimilator, Probe (Chrono Boost)  
  17  0:57  Probe (Chrono Boost)  
  17  1:00  Assimilator  
  18  1:07  Probe  
  18  1:09  Pylon  
  19  1:19  Probe  
  19  1:28  Zealot  
  19  1:30  Cybernetics Core  
  21  1:34  Probe  
  22  1:44  Pylon  
  22  1:48  Probe  
  23  2:00  Probe  
  24  2:08  Stargate  
  24  2:11  Stalker  
  26  2:18  Pylon  
  26  2:27  Probe  
  27  2:41  Shield Battery  
  27  2:43  Void Ray (Chrono Boost)  
  27  2:44  Shield Battery  
  31  2:58  Shield Battery  
  31  3:05  Shield Battery  
  31  3:10  Void Ray (Chrono Boost), Shield Battery  
  35  3:27  Pylon  
  35  3:30  Shield Battery  
  35  3:37  Void Ray (Chrono Boost)  
  39  3:59  Robotics Facility  
  39  4:06  Pylon  
  39  4:13  Void Ray  
  43  4:43  Shield Battery  
  43  4:44  Shield Battery  
  43  4:45  Immortal (Chrono Boost)  
  47  4:58  Shield Battery  
  47  5:13  Pylon  
  47  5:18  Immortal (Chrono Boost)  
  45  5:35  Shield Battery  
  45  5:37  Shield Battery  
  45  5:41  Void Ray  
  45  6:04  Immortal (Chrono Boost)  
  49  6:17  Shield Battery  
  45  6:38  Immortal (Chrono Boost)  
  45  6:43  Void Ray  
  49  7:15  Immortal (Chrono Boost)  
  49  7:22  Void Ray, Shield Battery  
Show
View Real Time Build Order
Export as new Build Order

DisK Protoss 

Build Orders: Blink Stalkers 

Get SALT Encoding   

  12  0:00  Probe  
  13  0:12  Probe  
  14  0:18  Pylon  
  14  0:25  Probe  
  15  0:36  Gateway  
  15  0:38  Probe (Chrono Boost)  
  16  0:48  Assimilator, Probe (Chrono Boost)  
  17  0:53  Probe (Chrono Boost)  
  17  0:57  Assimilator  
  18  1:05  Probe  
  19  1:14  Gateway  
  19  1:18  Probe  
  19  1:30  Cybernetics Core, Probe  
  20  1:41  Pylon  
  20  1:42  Probe  
  21  1:54  Probe  
  22  2:05  Warp Gate (Chrono Boost)  
  22  2:06  Stalker x2, Probe  
  27  2:19  Pylon  
  27  2:25  Shield Battery  
  27  2:29  Pylon  
  27  2:34  Probe  
  28  2:42  Stalker  
  30  2:47  Stalker  
  32  2:57  Twilight Council  
  32  3:12  Stalker  
  34  3:15  Shield Battery  
  34  3:17  Pylon  
  34  3:26  Stalker  
  36  3:34  Blink (Chrono Boost)  
  36  3:55  Probe  
  37  3:56  Stalker  
  37  4:01  Shield Battery  
  38  4:10  Stalker  
  38  4:13  Gateway  
  40  4:23  Shield Battery  
  40  4:31  Stalker  
  42  4:36  Stalker  
  38  4:51  Shield Battery  
  38  4:55  Stalker  
  40  5:09  Stalker x2  
  44  5:15  Shield Battery  
  44  5:34  Pylon  
  42  5:52  Stalker  
  42  5:53  Stalker  
  46  6:06  Gateway, Shield Battery  
  38  6:43  Gateway  
  38  6:46  Pylon  
  38  7:02  Cybernetics Core  
  36  7:08  Stalker x2  
  36  7:17  Gateway  
  36  7:21  Shield Battery x2  
  36  7:22  Shield Battery  
  30  7:39  Stalker x2  
  26  8:02  Stalker x2  
Tags
 
Add a new tag
Caveats
  • Supply blocks, unpowered buildings, or Contaminate may cause inaccurate times.
  • Supply counts are checked every 10 seconds.